 Dungeon Crawl Stone Soup version 0.15-a0-198-g2f4809b (webtiles) character file.

190 PolkaDot the Caller (level 4, -10/27 HPs)
             Began as a Vampire Summoner on Apr 23, 2014.
             Killed from afar by Sigmund (12 damage)
             ... with a puff of flame
             ... on Level 3 of the Dungeon.
             The game lasted 00:10:32 (2391 turns).

PolkaDot the Caller (Vampire Summoner)              Turns: 2391, Time: 00:10:35

HP -10/27        AC  3     Str 12      XL: 4   Next: 80%
MP   4/7         EV 13     Int 18      God:
Gold 67          SH  0     Dex 13 (14) Spells:  2 memorised,  3 levels left

rFire  . . .     SeeInvis +     t - +0 halberd
rCold  . . .     Clarity  +     a - +0 robe
rNeg   . . .     Conserve .     (no shield)
rPois  .         rCorr    .     (helmet restricted)
rElec  .         rRot     .     l - +0 cloak
SustAb . .       Spirit   .     (no gloves)
rMut   .         Warding  .     (no boots)
Saprov . . .     Stasis   .     r - amulet of clarity
MR     .....                    (no ring)
                                (no ring)

@: regenerating quickly, mighty, lethally poisoned, not resistant to hostile
enchantments, stealthy
A: fangs 3, horns 1, see invisible, frail 1, unbreathing
a: no special abilities


You were on level 3 of the Dungeon.
You were very full.

You visited 1 branch of the dungeon, and saw 3 of its levels.

You collected 67 gold pieces.

Inventory:

Hand weapons
 t - a +0,+0 halberd (weapon)
Missiles
 c - 7 silver darts
 g - 80 darts (quivered)
 q - 15 darts of frost
Armour
 a - a +0 robe (worn)
 l - a +0 cloak (worn)
Scrolls
 e - a scroll of identify {unknown}
 f - 3 scrolls of teleportation {unknown}
 h - 4 scrolls of remove curse {unknown}
 j - 2 scrolls of magic mapping {unknown}
 m - a scroll of fog {unknown}
 p - 2 scrolls of enchant weapon I {unknown}
 s - a scroll of fear {unknown}
Jewellery
 r - an amulet of clarity (around neck)
Potions
 o - a potion of might
Books
 b - a book of Callings

   Spells                             Type                      Level
   *Summon Small Mammal               Summoning                    1
   Call Imp                           Summoning                    2
   *Call Canine Familiar              Summoning                    3
   Summon Guardian Golem              Hexes/Summoning              4
   Summon Lightning Spire             Summoning/Air                4
   Summon Ice Beast                   Ice/Summoning                4


   Skills:
 + Level 0.6 Polearms
 + Level 0.8 Throwing
 - Level 3.0 Dodging
 - Level 3.0 Stealth
 - Level 2.0 Spellcasting
 * Level 5.5 Summonings


You had 3 spell levels left.
You knew the following spells:

 Your Spells              Type           Power        Failure   Level  Hunger
a - Summon Small Mammal   Summ           ###.         1%          1    #......
d - Call Canine Familiar  Summ           ###.....     6%          3    ####...


Dungeon Overview and Level Annotations

Branches:
Dungeon (3/15)

Altars:

Annotations:
D:3 Sigmund


Innate Abilities, Weirdness & Mutations

Your natural rate of healing is unusually fast.
You have razor-sharp teeth.*
You have supernaturally acute eyesight.
You can survive without breathing.*
You have a pair of small horns on your head.*
You are frail (-10% HP).


Message History

Sigmund barely misses your hound.
Your hound barely misses Sigmund.
Your hound misses Sigmund. Sigmund casts a spell at you.
The puff of flame hits your hound.
Your hound bites Sigmund.
Something misses your quokka.
* * * LOW HITPOINT WARNING * * *
You feel sick.
Your hound misses Sigmund.
Sigmund hits your hound with a glowing scythe.
Your hound dies!
Your hound's corpse disappears in a puff of smoke!
The goblin closely misses you.
Something bites your quokka but does no damage.
You closely miss the goblin. You headbutt the goblin.
You kill the goblin!
Something bites your quokka. Sigmund casts a spell at you.
The puff of flame hits you!
One of your 2 scrolls labeled TUAWNOPACA catches fire!
You die...

#..##.####.###...#####
#..)#@# #.# #...#
#.#S#.# #.# #.....
###.#.#.# #.# #....##
#.....r.# #.# #......
...#####.####.###....#.
. #...........#.#. .
+.............
#@##...##. #).....$..
...#...## .##.# ..# #.
.. ... # .## # .. .. .


You could see Sigmund (invisible) and a friendly quokka.

Vanquished Creatures
  3 gnolls
  An adder (D:2)
  2 oozes
  An orc (D:3)
  4 hobgoblins
  3 kobolds
  A quokka (D:2)
  4 ball pythons (D:2)
  5 bats
  3 giant cockroaches
  A giant newt (D:2)
  10 goblins
  4 jackals (D:2)
  10 rats
52 creatures vanquished.

Vanquished Creatures (collateral kills)
  3 gnolls
  4 adders (D:2)
  A giant gecko (D:3)
  A hobgoblin (D:2)
9 creatures vanquished.

Vanquished Creatures (others)
  2 hounds (D:3)
  2 bats (D:2)
  2 quokkas (D:2)
  A rat (D:2)
7 creatures vanquished.

Grand Total: 68 creatures vanquished

Notes
Turn   | Place    | Note
--------------------------------------------------------------
     0 | D:1      | PolkaDot, the Vampire Summoner, began the quest for the Orb.
     0 | D:1      | Reached XP level 1. HP: 13/13 MP: 3/3
   209 | D:1      | Reached XP level 2. HP: 8/19 MP: 4/4
  1049 | D:2      | Reached XP level 3. HP: 10/24 MP: 1/6
  1153 | D:2      | Learned a level 3 spell: Call Canine Familiar
  1472 | D:2      | Reached skill level 5 in Summonings
  1969 | D:2      | Reached XP level 4. HP: 30/30 MP: 3/7
  2355 | D:3      | Noticed Sigmund
  2379 | D:3      | Gained mutation: You have a pair of small horns on your head. [potion of mutation]
  2379 | D:3      | Gained mutation: You are frail (-10% HP). [potion of mutation]
  2391 | D:3      | Killed from afar by Sigmund

Action                   |  1- 3 |  4- 6 || total
-------------------------+-------+-------++-------
Melee: Mace              |   159 |    12 ||   171
       Halberd           |       |    36 ||    36
Throw: Dart              |    18 |     2 ||    20
 Cast: Summon Small Mamm |    13 |     4 ||    17
       Call Canine Famil |     4 |     4 ||     8
  Use: Potion            |     2 |     8 ||    10
 Stab: Sleeping          |     8 |     1 ||     9
